 Dungeon Crawl Stone Soup version 0.30-a0-297-g0ec75d9ef4 (webtiles) character file.

Game seed: 14922943876617598143

12145 plokij the Carver (level 11, -4/101 HPs)
             Began as a Minotaur Fighter on Oct 19, 2022.
             Was a High Priest of Okawaru.
             Slain by a slime creature (11 damage)
             ... on level 11 of the Dungeon.
             The game lasted 00:43:38 (14681 turns).

plokij the Carver (Minotaur Fighter)               Turns: 14681, Time: 00:43:38

Health: -4/101     AC: 19    Str: 21    XL:     11   Next: 58%
Magic:  0/10       EV: 10    Int:  5    God:    Okawaru [*****.]
Gold:   698        SH:  6    Dex: 14    Spells: 10/10 levels left

rFire   . . .      SeeInvis .    a - +0 long sword
rCold   . . .      Faith    .    c - +0 buckler
rNeg    . . .      Spirit   +    K - +0 plate armour
rPois   +          Reflect  .    (helmet restricted)
rElec   .          Harm     .    (no cloak)
rCorr   .          Rampage  .    h - +0 pair of gloves
Will    .....                    e - +2 pair of boots
Stlth   ..........               l - amulet of guardian spirit
HPRegen 0.36/turn                u - ring of poison resistance
MPRegen 0.12/turn                (no ring)

@: mighty, slowed, very slow
A: horns 2, retaliatory headbutt
a: Renounce Religion, Heroism, Finesse, Duel


You were on level 11 of the Dungeon.
You worshipped Okawaru.
Okawaru was extremely pleased with you.
You visited 2 branches of the dungeon, and saw 12 of its levels.

You collected 698 gold pieces.

Inventory:

Hand Weapons
 a - a +0 long sword (weapon)
 C - a +0 shortbow
 Q - a +2 falchion of flaming
Armour
 c - a +0 buckler (worn)
 e - a +2 pair of boots (worn)
 h - a +0 pair of gloves (worn)
 K - a +0 plate armour (worn)
 M - +0 acid dragon scales
 O - a +0 plate armour
Jewellery
 l - an amulet of guardian spirit (around neck)
 u - a ring of poison resistance (left hand)
 H - a +6 ring of intelligence
Wands
 s - a wand of iceblast (20)
 D - a wand of flame (7)
 G - a wand of polymorph (14)
 I - a wand of acid (9)
Scrolls
 f - 8 scrolls of teleportation {unknown}
 g - 10 scrolls of identify {unknown}
 n - 5 scrolls of enchant weapon {unknown}
 p - a scroll of summoning {unknown}
 q - a scroll of amnesia {unknown}
 r - 3 scrolls of immolation {unknown}
 t - a scroll of noise {unknown}
 v - 2 scrolls of silence {unknown}
 w - 3 scrolls of brand weapon {unknown}
 y - a scroll of enchant armour {unknown}
 B - 2 scrolls of butterflies {unknown}
 E - a scroll of blinking {unknown}
 J - a scroll of fear {unknown}
 L - a scroll of poison {unknown}
 P - a scroll of vulnerability {unknown}
Potions
 b - a potion of brilliance {unknown}
 d - a potion of might
 i - a potion of mutation {unknown}
 j - a potion of invisibility {unknown}
 k - 2 potions of flight {unknown}
 m - 4 potions of curing
 o - 2 potions of haste {unknown}
 x - a potion of degeneration {unknown}
 z - 2 potions of berserk rage {unknown}
 A - 3 potions of heal wounds {unknown}
 F - a potion of magic {unknown}
 N - 2 potions of resistance
 R - 2 potions of attraction {unknown}


   Skills:
 + Level 10.3 Fighting
 + Level 10.5 Long Blades
 + Level 10.3 Armour
 + Level 10.0 Dodging
 + Level 10.3 Shields


You had 10 spell levels left.
You didn't know any spells.
Your spell library contained the following spells:

 Spells                   Type           Power      Damage    Failure   Level
 Kiss of Death            Conj/Necr      0%         2d5       100%        1
 Confusing Touch          Hex            0%         N/A       100%        3
 Dispel Undead            Necr           0%         3d6       100%        4


Dungeon Overview and Level Annotations

Branches:
Dungeon (11/15)            Temple (1/1) D:6            Lair (0/5) D:11
    Orc (0/2) D:11

Altars:
Ashenzari
Cheibriados
Dithmenos
Elyvilon
Fedhas
Gozag
Hepliaklqana
Kikubaaqudgha
Makhleb
Nemelex Xobeh
Okawaru
Qazlal
Ru
Sif Muna
Trog
Uskayaw
Vehumet
Wu Jian
Xom
Yredelemnul
Zin
The Shining One

Shops:
D:1 !   D:6 ?

Annotations:
D:7 3 runed translucent doors, Flanfartigan's ghost, novice DjCA; Joseph; Lobster4's ghost, novice AtFi


Innate Abilities, Weirdness & Mutations

You have a pair of horns on your head.
You reflexively headbutt those who attack you in melee.


Message History

The death drake is severely wounded.
You feel sick.
The death drake bites you but does no damage.
The slime creature hits you!
* * * LOW HITPOINT WARNING * * *
The death drake bites you but does no damage.
You block the slime creature's attack.
You slash the death drake!
The death drake is almost dead.
You feel sick.
The death drake bites you but does no damage.
The slime creature barely misses you.
You completely miss the death drake. You headbutt the death drake!
You kill the death drake!
Okawaru accepts your kill.
You feel sick. You block the slime creature's attack.
Your base Dodging skill increases to level 10!
You feel like a meek peon again.
You feel sick.
The slime creature hits you but does no damage.
You completely miss the slime creature. You headbutt the slime creature!
The slime creature is lightly wounded.
You feel sick. The slime creature hits you!
* * * LOW HITPOINT WARNING * * *
You slash the slime creature!
The slime creature is moderately wounded.
You feel sick.
You are no longer poisoned.
You block the slime creature's attack. The slime creature misses you.
You barely miss the slime creature. You headbutt the slime creature.
The slime creature is moderately wounded.
The slime creature hits you but does no damage.
You completely miss the slime creature.
The slime creature is moderately wounded.
The slime creature barely misses you. You furiously retaliate!
You headbutt the slime creature! You slash the slime creature!
You headbutt the slime creature!
The slime creature is severely wounded.
The slime creature hits you!
You die...

#....##.#### #.#.#.#
#.....#....# #.....#
##.....###.## ###.###
#......#...## #.#
##.......#..## #.# .O.
#..###..##..# #.# #..#
##'#.#...##.####.# #.J.
..#..J##...#......# #.l#
##C.##.@.###...######
#..s###.....#.#'#.#.......#
#..#)....#####...##..###.#
#.....)###.#○.....#..# #.#
#...###...##..#..##.# #.#
#.#'#...k..#......#.# #.# #
#.....#..##...###.# #.#
##..###..['.####..# #.#
#...###..#####..####)#####


You could see a slime creature.

Vanquished Creatures
  A boulder beetle (D:11)
  A death drake (shapeshifter) (D:11)
  Pikel (D:7)
  2 ugly things (D:11)
  3 manticores (D:11)
  A cyclops (D:10)
  A gargoyle (D:11)
  A kobold demonologist (D:7)
  An unseen horror (D:11)
  2 trolls
  2 dream sheep
  Sigmund (D:3)
  A shadow (D:11)
  2 wyverns (D:7)
  15 yaks
  3 wargs (D:11)
  An acid dragon (D:10)
  2 water moccasins
  3 orc warriors
  An ice beast (D:7)
  2 black bears (D:5)
  2 ogres
  4 centaurs
  3 lemures (D:7)
  2 phantoms
  8 kobold brigands
  A bullfrog (D:9)
  A gnoll sergeant (D:7)
  3 scorpions
  8 killer bees
  An electric eel (D:10)
  Crazy Yiuf (D:3)
  2 jellies
  A gnoll bouda (D:4)
  3 orc priests
  3 hounds
  Terence (D:2)
  2 iguanas (D:5)
  6 orc wizards
  7 gnolls
  4 adders
  3 ufetubi
  2 worms
  2 dart slugs
  21 orcs
  4 ball pythons
  11 endoplasms
  6 giant cockroaches
  6 goblins
  8 hobgoblins
  7 jackals
  4 quokkas
  6 bats
  5 frilled lizards
  44 kobolds
  7 rats
246 creatures vanquished.

Vanquished Creatures (others)
  13 plants
  6 withered plants (D:7)
19 creatures vanquished.

Grand Total: 265 creatures vanquished

Notes
Turn   | Place    | Note
-------+----------+-------------------------------------------
     0 | D:1      | plokij the Minotaur Fighter began the quest for the Orb.
     0 | D:1      | Reached XP level 1. HP: 19/19 MP: 0/0
   104 | D:1      | Found Disiupid's Distillery.
   179 | D:1      | Reached XP level 2. HP: 27/27 MP: 1/1
   368 | D:1      | Reached skill level 1 in Dodging
   379 | D:1      | Reached XP level 3. HP: 33/33 MP: 2/2
   971 | D:2      | Noticed Terence
   980 | D:2      | Killed Terence
   981 | D:2      | Reached XP level 4. HP: 40/40 MP: 3/3
   987 | D:2      | Found a faded altar of an unknown god.
  1943 | D:3      | Noticed Sigmund
  2096 | D:3      | Killed Sigmund
  2097 | D:3      | Reached XP level 5. HP: 35/47 MP: 2/4
  2097 | D:3      | Reached XP level 6. HP: 40/53 MP: 2/5
  2336 | D:3      | Found a runed translucent door.
  2337 | D:3      | Noticed Crazy Yiuf
  2473 | D:3      | Killed Crazy Yiuf
  2739 | D:4      | Reached skill level 5 in Long Blades
  2780 | D:4      | Reached skill level 5 in Fighting
  2780 | D:4      | Reached skill level 5 in Armour
  2886 | D:4      | Reached skill level 5 in Shields
  2946 | D:4      | Reached XP level 7. HP: 61/61 MP: 6/6
  2963 | D:4      | You fall into a shaft and drop 3 floors!
  3125 | D:5      | Entered Level 5 of the Dungeon
  3226 | D:4      | Found a shimmering altar of Xom.
  3230 | D:4      | Found a glowing golden altar of the Shining One.
  3231 | D:4      | Found an ancient bone altar of Kikubaaqudgha.
  4059 | D:5      | Reached skill level 5 in Dodging
  4059 | D:5      | Reached XP level 8. HP: 51/70 MP: 5/7
  4763 | D:6      | Found a staircase to the Ecumenical Temple.
  4770 | Temple   | Entered the Ecumenical Temple
  4834 | Temple   | Became a worshipper of Warmaster Okawaru
  5080 | D:6      | Found Fuky's Magic Scroll Emporium.
  5512 | D:6      | Found a blossoming altar of Fedhas.
  6223 | D:7      | Noticed Joseph
  6380 | D:7      | Noticed Pikel
  6582 | D:7      | Killed Pikel
  6583 | D:7      | Reached XP level 9. HP: 8/78 MP: 2/8
  7036 | D:7      | Reached * piety under Okawaru
  7039 | D:7      | Noticed a kobold demonologist
  7045 | D:7      | Noticed an orange demon
  7145 | D:7      | Killed a kobold demonologist
  7471 | D:7      | Found a snail-covered altar of Cheibriados.
  7474 | D:7      | Found a white marble altar of Elyvilon.
  7478 | D:7      | Found a bloodstained altar of Trog.
  7515 | D:7      | Found a runed translucent gate.
  7515 | D:7      | Found a runed translucent gate.
  7516 | D:7      | Found a runed translucent gate.
  7517 | D:7      | Noticed Lobster4's ghost (novice AtFi)
  7518 | D:7      | Noticed Flanfartigan's ghost (novice DjCA)
  8139 | D:8      | Identified the +5 hand axe of Zacvyppo {protect, rF- rN++}
  8577 | D:9      | Noticed a troll
  8588 | D:8      | Killed a troll
  8588 | D:8      | Reached ** piety under Okawaru
  8917 | D:9      | Reached XP level 10. HP: 87/88 MP: 9/9
  9834 | D:9      | Reached *** piety under Okawaru
 10255 | D:10     | Entered Level 10 of the Dungeon
 10255 | D:10     | Noticed a cyclops
 10269 | D:10     | Killed a cyclops
 10458 | D:10     | Reached **** piety under Okawaru
 10594 | D:10     | Found a burning altar of Makhleb.
 12322 | D:11     | Found a staircase to the Lair.
 12519 | D:11     | Noticed a cyan ugly thing
 12525 | D:11     | Killed a cyan ugly thing
 12526 | D:11     | Reached XP level 11. HP: 97/97 MP: 7/10
 12737 | D:11     | Noticed a two-headed hydra
 13460 | D:11     | Reached skill level 10 in Long Blades
 13655 | D:11     | Found a staircase to the Orcish Mines.
 13732 | D:11     | Reached skill level 10 in Fighting
 13732 | D:11     | Reached skill level 10 in Armour
 13831 | D:11     | Noticed a brown ugly thing
 13858 | D:11     | Killed a brown ugly thing
 13858 | D:11     | Reached ***** piety under Okawaru
 13859 | D:11     | Reached skill level 10 in Shields
 14384 | D:11     | Noticed a boulder beetle
 14449 | D:11     | Killed a boulder beetle
 14648 | D:11     | Noticed a two-headed ogre
 14658 | D:11     | Noticed a death drake
 14675 | D:11     | Killed a death drake
 14676 | D:11     | Reached skill level 10 in Dodging
 14681 | D:11     | Slain by a slime creature

Illustrated notes

Levels and vault maps discovered:
D:1:      erik_arrival_orb_chamber, layout_basic, serial_shops,
          nicolae_shop_statue_plus, st_stairs_3
D:2:      minmay_angry_zag, layout_loops_cross,
          hellmonk_ecumenical_altar_leap_of_faith, minmay_pentomino_r2,
          uniq_terence
D:3:      layout_loops_corners, uniq_crazy_yiuf_cottage, uniq_sigmund
D:4:      minmay_spotlight, layout_rooms, minitemple
D:5:      nicolae_cairo_tiling_very_big, layout_cave_pods
D:6:      layout_layer_cave, mainiacjoe_overflow_surrounded_room,
          minmay_temple_entry_arrows, serial_shops, nicolae_inconvenience_store,
          portal_sewer_entry_b, serial_bayou_lagoon_a
D:7:      layout_basic, grunt_temple_overflow_diamond, gammafunk_ghost_cemetery,
          kennysheep_generic_room_16, uniq_joseph, uniq_pikel
D:8:      layout_loops_ring
D:9:      layout_gridville, chequers_serial_rivers_micro_c
D:10:     layout_loops_ring, mainiacjoe_overflow_paths, water_boxes_lemuel
D:11:     minmay_slanted_spiral_squares, layout_basic,
          erik_lair_orcish_takeover, orc_0_dummy, hangedman_ranch
Temple:   nicolae_temple_two_arcs

Skill      XL: |  1  2  3  4  5  6  7  8  9 10 11 |
---------------+----------------------------------+-----
Long Blades    | 3 4 5 6 8 9 10 | 10.5
Dodging        | 1 2 3 5 6 8 9 10 | 10.0
Fighting       | 4 5 6 8 9 10 | 10.3
Shields        | 4 5 6 8 9 10 | 10.3
Armour         | 4 5 6 8 9 10 | 10.3

Action                   |  1- 3 |  4- 6 |  7- 9 | 10-12 || total
-------------------------+-------+-------+-------+-------++-------
Melee: Long sword        |   107 |   136 |   351 |   414 ||  1008
       Headbutt          |    12 |    20 |    64 |   115 ||   211
Invok: Heroism           |       |       |     3 |    14 ||    17
  Use: Potion            |       |       |       |     4 ||     4
Armor: Scale mail        |    46 |       |       |       ||    46
       Chain mail        |    52 |    88 |   203 |     1 ||   344
       Plate armour      |       |       |       |   202 ||   202
Dodge: Dodged            |    69 |    46 |   151 |   154 ||   420
Block: Buckler           |    25 |    33 |   106 |   121 ||   285

Table legend: (Time is in decaauts)
 A = Elapsed time spent in this place.
 B = Non-inter-level travel time spent in this place.
 C = Inter-level travel time spent in this place.
 D = Time resting spent in this place.
 E = Time spent auto-exploring this place.
 F = Levels seen in this place.
 G = Mean time per level.
                   A        B        C        D        E       F      G
               +--------+--------+--------+--------+--------+-----+--------+
         Total |  14781 |  12653 |   2128 |   2975 |   6800 |  12 | 1231.8 |
       Dungeon |  14664 |  12549 |   2115 |   2975 |   6704 |  11 | 1333.1 |
        Temple |    117 |    104 |     13 |      0 |     96 |   1 |  117.0 |
               +--------+--------+--------+--------+--------+-----+--------+

Top non-repeatable levels by time:
    D:11: 2511 daAuts
     D:6: 1722 daAuts
    D:10: 1691 daAuts
     D:7: 1490 daAuts
     D:9: 1470 daAuts
     D:3: 1259 daAuts
     D:5: 1208 daAuts
     D:8: 1202 daAuts
     D:4: 744 daAuts
     D:1: 682 daAuts
     D:2: 680 daAuts
  Temple: 117 daAuts
